 Dungeon Crawl Stone Soup version 0.21.1-1-g345015fe64 (webtiles) character file.

406 Gargoyl the Skirmisher (level 6, 0/52 HPs)
             Began as a Centaur Abyssal Knight on July 3, 2018.
             Was a Follower of Lugonu.
             Succumbed to a worker ant's poison
             ... on level 4 of the Dungeon.
             The game lasted 00:07:23 (3739 turns).

Gargoyl the Skirmisher (Centaur Abyssal Knight)     Turns: 3739, Time: 00:07:23

Health: 0/52       AC: 11    Str: 14    XL:     6   Next: 56%
Magic:  8/8        EV:  7    Int: 11    God:    Lugonu [*.....]
Gold:   181        SH:  3    Dex: 18    Spells: 5/5 levels left

rFire    . . .     SeeInvis .   e - +0 falchion (curse)
rCold    . . .     Gourm    .   (no shield)
rNeg     . . .     Faith    .   f - +1 plate armour
rPois    .         Spirit   .   (no helmet)
rElec    .         Reflect  +   (no cloak)
rCorr    .         Harm     .   k - +0 pair of gloves
MR       .....                  (no barding)
Stlth    ..........             h - +3 amulet of reflection
HPRegen  0.17/turn              g - ring of flight
MPRegen  0.11/turn              b - +2 ring of dexterity

@: agile, lethally poisoned (0 -> -4), hasted, very quick
A: large, hooves 3, deformed body, speed 2, tough skin 3
a: Depart the Abyss, Renounce Religion, Evoke Flight


You were on level 4 of the Dungeon.
You worshipped Lugonu.
Lugonu was aware of your devotion.
You were not hungry.

You visited 1 branch of the dungeon, and saw 6 of its levels.
You visited the Abyss 1 time.

You collected 181 gold pieces.

Inventory:

Hand Weapons
 a - a +1 hand axe
 e - a cursed +0 falchion (weapon)
Armour
 f - a +1 plate armour (worn)
 k - a +0 pair of gloves (worn)
Jewellery
 b - a +2 ring of dexterity (right hand)
 g - a ring of flight (left hand)
 h - a +3 amulet of reflection (around neck)
Wands
 d - a wand of paralysis (10)
 l - a wand of disintegration (11)
Scrolls
 j - a scroll of identify
 n - a scroll of teleportation
Potions
 m - a potion of cancellation
Comestibles
 c - 2 rations
 o - 2 chunks of flesh


   Skills:
 + Level 3.8 Fighting
 + Level 2.5 Long Blades
 + Level 2.0 Axes
 * Level 3.7 Armour
 + Level 1.1 Dodging
 * Level 3.2 Invocations


You had 5 spell levels left.
You didn't know any spells.

Dungeon Overview and Level Annotations

Branches:
Dungeon (6/15)             Temple (0/1) D:5

Altars:
Elyvilon

Annotations:
D:6 Pikel


Innate Abilities, Weirdness & Mutations

You have hooves in place of feet.
Armour fits poorly on your strangely shaped body.
You cover ground very quickly.
You have extremely tough skin. (AC +3)


Message History

You feel sick.
Found a robe.
* * * LOW HITPOINT WARNING * * *
You feel sick.
* * * LOW HITPOINT WARNING * * *
You feel sick.
* * * LOW HITPOINT WARNING * * *
You feel sick.
A quokka skeleton comes into view.
* * * LOW HITPOINT WARNING * * *
You feel sick.
* * * LOW HITPOINT WARNING * * *
You feel sick.
The quokka skeleton bites you but does no damage.
* * * LOW HITPOINT WARNING * * *
You feel sick.
Found a leather armour.
Found a lumpy red potion.
A worm comes into view.
You die...

#.#####.####..
#.....................
#.........#####.##....
#.....!...# #.##....
#.........# #.##....
###.........# ..##....
w.........[.# ....#..##
####........########..#.
.......@...##.........#.
...#.#....###.######.##.
#.#### #.# #.###
#.######.# #.#
#....Z...# ...
#######..# ... #..# .[..
#..# ... ....


You could see a worm (sleeping).

Vanquished Creatures
  2 slaves (D:5)
  An ogre (D:4)
  A centaur (D:5)
  A bullfrog (D:6)
  A hound (D:6)
  An iguana (D:5)
  A worker ant (D:4)
  4 adders
  An ooze (D:6)
  2 adder skeletons
  A worm (D:3)
  5 orcs (D:5)
  4 bats (D:1)
  A giant cockroach (D:2)
  6 goblins
  4 hobgoblins
  3 jackals (D:1)
  2 ball pythons
  2 frilled lizards
  6 kobolds
  9 rats
58 creatures vanquished.

Notes
Turn   | Place    | Note
-------+----------+-------------------------------------------
     0 | Abyss:1  | Gargoyl the Centaur Abyssal Knight began the quest for the Orb.
     0 | Abyss:1  | Reached XP level 1. HP: 19/19 MP: 2/2
    88 | Abyss:2  | Noticed a chaos spawn
   108 | Abyss:2  | Noticed a large abomination
   116 | Abyss:2  | Found a corrupted altar of Lugonu.
   129 | Abyss:2  | Noticed a starcursed mass
   151 | Abyss:2  | Noticed a rakshasa
   159 | Abyss:2  | Noticed a tentacled starspawn
   161 | D:1      | Escaped the Abyss
   492 | D:1      | Reached XP level 2. HP: 26/26 MP: 3/3
   502 | D:1      | Reached * piety under Lugonu
  1398 | D:2      | Reached XP level 3. HP: 22/31 MP: 4/4
  1958 | D:2      | Reached skill level 1 in Long Blades
  2344 | D:3      | Found a faded altar of an unknown god.
  2345 | D:3      | You fall through a shaft for 3 floors!
  2345 | D:6      | Noticed a bullfrog
  2353 | D:6      | Reached skill level 1 in Dodging
  2353 | D:6      | Reached XP level 4. HP: 29/38 MP: 5/5
  2376 | D:6      | Killed a bullfrog
  2376 | D:6      | Reached XP level 5. HP: 16/45 MP: 5/7
  2648 | D:6      | Noticed a slave
  2649 | D:6      | Noticed a slave
  2649 | D:6      | Noticed a slave
  2650 | D:6      | Noticed Pikel
  2650 | D:6      | Noticed a slave
  2662 | D:5      | Entered Level 5 of the Dungeon
  2674 | D:5      | Killed a slave
  2687 | D:5      | Killed a slave
  2882 | D:5      | Found a white marble altar of Elyvilon.
  3202 | D:5      | Noticed a centaur
  3217 | D:5      | Killed a centaur
  3217 | D:5      | Reached XP level 6. HP: 17/52 MP: 8/8
  3419 | D:5      | Found a staircase to the Ecumenical Temple.
  3729 | D:4      | HP: 2/52 [poisoned by a worker ant]
  3735 | D:4      | HP: 1/52 [poisoned by a worker ant]
  3739 | D:4      | Succumbed to a worker ant's poison

Skill      XL: |  1  2  3  4  5 |
---------------+----------------+-----
Axes           | 2 |  2.0
Armour         | 2 3 |  3.7
Long Blades    | 1 2 |  2.5
Dodging        | 1 |  1.1
Invocations    | 3 |  3.2
Fighting       | |  3.8

Action                   |  1- 3 |  4- 6 || total
-------------------------+-------+-------++-------
Melee: Falchion          |   125 |   128 ||   253
       Kick              |    18 |    28 ||    46
Invok: Depart the Abyss  |     1 |       ||     1
Evoke: Wand              |     4 |       ||     4
  Use: Scroll            |     6 |     1 ||     7
       Potion            |     1 |     6 ||     7
  Eat: Chunk             |     3 |     5 ||     8
Armor: Leather armour    |    45 |       ||    45
       Plate armour      |    76 |    97 ||   173
       Skin              |     7 |    37 ||    44
Dodge: Dodged            |    33 |    14 ||    47
Block: Other             |    10 |    12 ||    22
       Reflection        |     2 |       ||     2
       Rpst.: Falchion   |    13 |     5 ||    18
